 Dungeon Crawl Stone Soup version 0.29.0-13-gc9e81de378 (webtiles) character file.

Game seed: 15965095449112090967

340 SnakkuSnakku7 the Chopper (level 6, -8/52 HPs)
             Began as a Naga Warper on Sept 9, 2022.
             Killed by nerve-wracking pain
             ... invoked by Menkaure
              (10 damage)
             ... on level 5 of the Dungeon.
             The game lasted 00:04:45 (3423 turns).

SnakkuSnakku7 the Chopper (Naga Warper)             Turns: 3423, Time: 00:04:45

Health: -8/52      AC:  4    Str: 15    XL:     6   Next: 56%
Magic:  9/9        EV:  9    Int: 13    God:
Gold:   278        SH:  0    Dex: 11    Spells: 9/9 levels left

rFire   . . .      SeeInvis +   a - +0 hand axe
rCold   . . .      Faith    .   (no shield)
rNeg    . . .      Spirit   .   e - +0 troll leather armour
rPois   +          Reflect  .   (no helmet)
rElec   .          Harm     .   (no cloak)
rCorr   .          Rampage  .   (no gloves)
Will    .....                   (no barding)
Stlth   +.........              (no amulet)
HPRegen 0.97/turn               (no ring)
MPRegen 0.11/turn               (no ring)

@: invisible, very slow
A: AC +2, large, see invisible, deformed body, poison resistance, slowness 2,
spit poison 1, naga tail 1
a: Spit Poison


You were on level 5 of the Dungeon.
You visited 1 branch of the dungeon, and saw 5 of its levels.

You collected 278 gold pieces.

Inventory:

Hand Weapons
 a - a +0 hand axe (weapon)
Missiles
 d - 7 boomerangs of dispersal
 s - 2 boomerangs
Armour
 b - a +0 leather armour
 e - a +0 troll leather armour (worn)
Jewellery
 m - an amulet of reflection
 q - an amulet of regeneration
Scrolls
 h - a scroll of enchant armour {unknown}
 j - 2 scrolls of immolation {unknown}
 p - a scroll of teleportation {unknown}
 r - a scroll of brand weapon {unknown}
Potions
 f - a potion of might {unknown}
 g - 3 potions of curing
 i - 2 potions of mutation
 k - a potion of flight
 l - 2 potions of cancellation
 n - 2 potions of haste
 o - a potion of invisibility


   Skills:
 - Level 2.0 Fighting
 + Level 6.8 Axes
 - Level 0.8 Throwing
 - Level 0.7 Armour
 - Level 1.5 Dodging
 - Level 2.0 Spellcasting
 - Level 3.0 Translocations


You had 9 spell levels left.
You didn't know any spells.
Your spell library contained the following spells:

 Spells                   Type           Power      Damage    Failure   Level
 Blink                    Tloc           18%        N/A       14%         2
 Gell's Gravitas          Tloc           9%         N/A       26%         3
 Lesser Beckoning         Tloc           9%         N/A       26%         3
 Teleport Other           Tloc           9%         N/A       26%         3
 Beastly Appendage        Tmut           2%         N/A       30%         1
 Wereblood                Tmut           1%         N/A       43%         2
 Portal Projectile        Hex/Tloc       10%        N/A       45%         3
 Call Canine Familiar     Summ           1%         N/A       67%         3
 Spider Form              Tmut/Pois      1%         N/A       67%         3
 Manifold Assault         Tloc           9%         N/A       94%         5
 Leda's Liquefaction      Hex/Erth       0%         N/A       97%         4


Dungeon Overview and Level Annotations

Branches:
Dungeon (5/15)
 Temple: D:4-7

Altars:
Qazlal
Uskayaw

Shops:
D:5 :

Annotations:
D:4 5 runed translucent doors, Powertoast's ghost, amateur HOFi
D:5 Blork the orc; Menkaure; Pikel


Innate Abilities, Weirdness & Mutations

Your serpentine skin is tough. (AC +2)
You have supernaturally acute eyesight. (SInv)
Armour fits poorly on your strangely shaped body.
Your system is resistant to poisons. (rPois)
You cover ground very slowly.
You can spit poison.
You have a snake-like lower body.


Message History

Menkaure casts a spell at you.
You struggle to resist.
Unknown command.
You aren't carrying any items that you can evoke.
Unknown command.
Menkaure gestures wildly while chanting.
Menkaure seems to speed up.
Menkaure hits you! Menkaure hits you.
You hit Menkaure but do no damage. Menkaure hits you!
You are too injured to fight recklessly!
You are too injured to fight recklessly!
You are too injured to fight recklessly!
You barely miss Menkaure. Menkaure hits you.
You are too injured to fight recklessly!
You barely miss Menkaure. Menkaure barely misses you. Menkaure hits you.
You hit Menkaure.
Menkaure is moderately damaged.
Menkaure barely misses you.
You hit Menkaure but do no damage.
Menkaure is moderately damaged.
Menkaure hits you!
* * * LOW HITPOINT WARNING * * *
You hit Menkaure.
Menkaure is heavily damaged.
Menkaure closely misses you.
You barely miss Menkaure.
Menkaure is heavily damaged.
Menkaure casts a spell at you. Pain shoots through your body!
* * * LOW HITPOINT WARNING * * *
Unknown command.
Okay, then.
Okay, then.
Okay, then.
Blink to where?
Press: ? - help, Dir - move target
As you read the scroll of blinking, it crumbles to dust.
Menkaure casts a spell at you. Pain shoots through your body!
You die...

#.. .. ... #.
...
####.####..#
#.......##.#
#.....M.##.#
#.#.....§.##.#
#....†_......#
###†....†.##@#
#..†....##.#
#.....†.##.#
####.####..#
#. .## ## ##


You could see Menkaure (fast).

Vanquished Creatures
  An ogre (D:4)
  A lemure (D:4)
  Jessica (D:2)
  2 orc wizards (D:4)
  2 iguanas (D:4)
  5 adders
  3 worms (D:3)
  8 orcs (D:4)
  4 ball pythons
  6 endoplasms
  6 giant cockroaches
  5 hobgoblins
  6 kobolds
  4 quokkas
  6 bats
  2 frilled lizards
  8 goblins
  4 rats
74 creatures vanquished.

Vanquished Creatures (others)
  4 fungi
  A plant (D:4)
5 creatures vanquished.

Grand Total: 79 creatures vanquished

Notes
Turn   | Place    | Note
-------+----------+-------------------------------------------
     0 | D:1      | SnakkuSnakku7 the Naga Warper began the quest for the Orb.
     0 | D:1      | Reached XP level 1. HP: 19/19 MP: 3/3
    91 | D:1      | Found a faded altar of an unknown god.
   206 | D:1      | Reached XP level 2. HP: 26/26 MP: 5/5
   519 | D:1      | Reached skill level 3 in Axes
   826 | D:2      | Reached XP level 3. HP: 22/32 MP: 6/6
  1149 | D:2      | Noticed Jessica
  1169 | D:2      | Killed Jessica
  1170 | D:2      | Reached skill level 4 in Axes
  1170 | D:2      | Reached XP level 4. HP: 21/39 MP: 7/7
  1479 | D:3      | Identified the +1 sling "Rezeg" {flame, rPois rC++}
  1715 | D:3      | Reached skill level 5 in Axes
  1847 | D:3      | Reached XP level 5. HP: 34/45 MP: 8/8
  2177 | D:4      | Noticed Powertoast's ghost (amateur HOFi)
  2178 | D:4      | Found a runed translucent gate.
  2178 | D:4      | Found a runed translucent gate.
  2178 | D:4      | Found a runed translucent gate.
  2178 | D:4      | Noticed a kobold brigand
  2291 | D:4      | Noticed an ogre
  2303 | D:4      | Killed an ogre
  2304 | D:4      | Reached skill level 6 in Axes
  2304 | D:4      | Reached XP level 6. HP: 13/52 MP: 9/9
  2547 | D:4      | Found a stormy altar of Qazlal.
  2595 | D:4      | Found a large runed translucent door.
  2597 | D:4      | Found a large runed translucent door.
  2949 | D:5      | Entered Level 5 of the Dungeon
  3055 | D:5      | Found Rues's Book Emporium.
  3079 | D:5      | Noticed Blork the orc
  3085 | D:5      | Noticed an orc warrior
  3293 | D:5      | Noticed Pikel
  3412 | D:5      | Noticed Menkaure
  3412 | D:5      | Found a hide-covered altar of Uskayaw.
  3422 | D:5      | HP: 1/52 [Menkaure/nerve-wracking pain (8)]
  3423 | D:5      | Killed from afar by Menkaure

Illustrated notes

Levels and vault maps discovered:
D:1:      amcnicky_arrival_double_pillar, layout_loops_ring,
          ebering_ecumenical_altar_sacrificial, minmay_tetromino_l4
D:2:      layout_basic, mrwooster_statue_mirror, kennysheep_jessica_study
D:3:      layout_basic, hex_tiny
D:4:      layout_loops_ring, jmf_multi_god_temple2,
          mainiacjoe_overflow_tiny_flanked, gammafunk_ghost_nasty_kobolds
D:5:      layout_rooms, nicolae_uskayaw_murder_on_the_dancefloor,
          mainiacjoe_overflow_boulevard, kennysheep_little_box, serial_shops,
          nicolae_stop_n_shop_2, chequers_garden, uniq_pikel,
          uniq_blork_the_orc, uniq_grinder, uniq_menkaure

Skill      XL: |  1  2  3  4  5 |
---------------+----------------+-----
Axes           | 3 4 5 6 |  6.8
Fighting       | |  2.0
Throwing       | |  0.8
Armour         | |  0.7
Dodging        | |  1.5
Spellcasting   | |  2.0
Translocations | |  3.0

Action                   |  1- 3 |  4- 6 || total
-------------------------+-------+-------++-------
Melee: Hand axe          |    84 |   248 ||   332
       Punch             |       |     2 ||     2
 Abil: Spit Poison       |     2 |    12 ||    14
  Use: Scroll            |       |     8 ||     8
       Potion            |       |     1 ||     1
 Stab: Sleeping          |       |     2 ||     2
Armor: Troll leather arm |    17 |    58 ||    75
       Leather armour    |     3 |       ||     3
Dodge: Dodged            |    52 |   128 ||   180
